 Dungeon Crawl Stone Soup version 0.23.2-33-g5129a83 (webtiles) character file.

Game seed: 12152411093156588938

49734 Hudan the Blocker (level 14, 0/132 HPs)
             Began as a Minotaur Fighter on July 25, 2019.
             Was a High Priest of Okawaru.
             Slain by a thrashing horror (1 damage)
             ... on level 2 of the Abyss on July 26, 2019.
             The game lasted 02:05:57 (16960 turns).

Hudan the Blocker (Minotaur Fighter)               Turns: 16960, Time: 02:05:58

Health: 0/132      AC: 32    Str: 29    XL:     14   Next: 17%
Magic:  0/18       EV: 12    Int:  7    God:    Okawaru [*****.]
Gold:   1054       SH: 18    Dex: 16    Spells: 13/13 levels left

rFire    + . .     SeeInvis .   e - +10 eveningstar of Exquisite Torment {freeze, Int+3}
rCold    + . .     Gourm    .   c - +2 shield of Beauty {rC+ MR- Regen+ Dex+7}
rNeg     . . .     Faith    .   u - +0 storm dragon scales
rPois    +         Spirit   +   U - +2 hat
rElec    +         Reflect  .   y - +2 cloak
rCorr    .         Harm     .   Y - +0 pair of gloves
MR       .....                  B - +2 pair of boots of the Assassin {Detection Stab+ Stlth++}
Stlth    +.........             O - amulet of guardian spirit
HPRegen  0.00/turn              R - +4 ring of protection
MPRegen  0.16/turn              m - ring "Koshinin" {rPois rF+ Str+5}

@: heroism, non-regenerating, diseased, slowed, heavily drained, very slow
A: retaliatory headbutt, horns 2, [blurry vision 2], [dopey 2], [inhibited
regeneration]
a: Heroism, Finesse, Renounce Religion


You were on level 2 of the Abyss.
You worshipped Okawaru.
Okawaru was extremely pleased with you.
You were near starving.

You visited 3 branches of the dungeon, and saw 17 of its levels.
You visited the Abyss 1 time.
You also visited: Ossuary and Gauntlet.

You collected 1054 gold pieces.

Inventory:

Hand Weapons
 e - the +10 eveningstar of Exquisite Torment (weapon) {freeze, Int+3}
   (Okawaru gifted it to you in a Gauntlet)

   It has been specially enchanted to freeze those struck by it, causing extra
   injury to most foes and up to half again as much damage against particularly
   susceptible opponents.
   It can also slow down cold-blooded creatures.
   It affects your intelligence (+3).
 D - a +0 hand crossbow
Missiles
 b - 103 bolts
 h - 516 stones (quivered)
 I - 2 throwing nets
Armour
 c - the +2 shield of Beauty (worn) {rC+ MR- Regen+ Dex+7}
   (Okawaru gifted it to you on level 15 of the Dungeon)

   It affects your dexterity (+7).
   It protects you from cold.
   It affects your resistance to hostile enchantments.
   It increases your rate of regeneration.
 u - +0 storm dragon scales (worn)
 y - a +2 cloak (worn)
 B - the +2 pair of boots of the Assassin (worn) {Detection Stab+ Stlth++}
   (You found it in a Gauntlet)

   It makes you much more stealthy.
 U - a +2 hat (worn)
 Y - a +0 pair of gloves (worn)
Jewellery
 m - the ring "Koshinin" (right hand) {rPois rF+ Str+5}
   (You found it on level 12 of the Dungeon)

   [ring of strength]

   It affects your strength (+5).
   It protects you from fire.
   It protects you from poison.
 q - a cursed -3 ring of slaying {unknown}
 O - an amulet of guardian spirit (around neck)
 R - a +4 ring of protection (left hand)
Wands
 a - a wand of polymorph (22)
 n - a wand of paralysis (11)
 s - a wand of enslavement (18)
 G - a wand of acid (20)
 Q - a wand of flame (25)
Scrolls
 g - a scroll of enchant armour
 i - 2 scrolls of immolation
 j - 9 scrolls of teleportation
 l - a scroll of random uselessness {unknown}
 o - 2 scrolls of blinking
 t - 3 scrolls of magic mapping
 A - a scroll of holy word
 H - a scroll of summoning
 J - 2 scrolls of identify
 K - 3 scrolls of remove curse
 L - 2 scrolls of enchant weapon
 M - 2 scrolls of fear {unknown}
 P - a scroll of brand weapon {unknown}
 S - a scroll of noise {unknown}
Potions
 d - 4 potions of might
 k - 3 potions of lignification
 p - 2 potions of magic
 r - 3 potions of invisibility
 v - 8 potions of mutation
 w - 4 potions of curing
 x - a potion of brilliance
 z - 2 potions of haste
 C - a potion of berserk rage
 E - 3 potions of flight
 N - 2 potions of cancellation
 W - a potion of heal wounds
Miscellaneous
 V - a phantom mirror
Comestibles
 f - 19 rations


   Skills:
 + Level 14.2(16.4) Fighting
   Level 3.7(12.2) Axes
 + Level 13.5(16.0) Maces & Flails
 + Level 14.2(16.4) Armour
 - Level 1.0(4.0) Dodging
 + Level 14.2(16.5) Shields
 - Level 7.7(5.6) Invocations


You had 13 spell levels left.
You didn't know any spells.
Your spell library contained the following spells:

 Spells                   Type           Power        Failure   Level  Hunger
 Animate Skeleton         Necr           N/A          82%         1    ##.....
 Apportation              Tloc           #.....       82%         1    ##.....
 Beastly Appendage        Tmut           #.....       82%         1    ##.....
 Confusing Touch          Hex            #.....       82%         1    ##.....
 Sting                    Conj/Pois      #...         82%         1    ##.....
 Summon Small Mammal      Summ           #...         82%         1    ##.....
 Passwall                 Tmut/Erth      #.......     91%         2    ###....
 Poisonous Vapours        Pois/Air       #.....       91%         2    ###....
 Sticks to Snakes         Tmut           #.......     91%         2    ###....
 Swiftness                Chrm/Air       #.......     91%         2    ###....
 Mephitic Cloud           Conj/Pois/Air  #.......     99%         3    ####...
 Spider Form              Tmut/Pois      #.........   99%         3    ####...
 Ice Form                 Ice/Tmut       #.......     100%        4    #####..
 Olgreb's Toxic Radiance  Pois           #.......     100%        4    #####..
 Passage of Golubria      Tloc           N/A          100%        4    #####..
 Blade Hands              Tmut           #.........   100%        5    ######.
 Bolt of Magma            Conj/Fire/Erth #.........   100%        5    ######.
 Iskenderun's Battlesphe  Conj/Chrm      #.......     100%        5    ######.
 Lee's Rapid Deconstruct  Erth           #.........   100%        5    ######.
 Venom Bolt               Conj/Pois      #.........   100%        5    ######.
 Darkness                 Hex            #.........   100%        6    #######
 Invisibility             Hex            #.......     100%        6    #######
 Iron Shot                Conj/Erth      #.........   100%        6    #######
 Orb of Destruction       Conj           #.........   100%        7    #######
 Spellforged Servitor     Conj/Summ      #.........   100%        7    #######


Dungeon Overview and Level Annotations

Branches:
Dungeon (15/15)            Temple (1/1) D:4            Lair (1/6) D:8
    Orc (0/2) D:12         Vaults (0/5) D:13         Depths (0/5) D:15

Altars:
Ashenzari
Cheibriados
Dithmenos
Elyvilon
Fedhas
Gozag
Hepliaklqana
Kikubaaqudgha
Makhleb
Nemelex Xobeh
Okawaru
Qazlal
Ru
Sif Muna
Trog
Uskayaw
Vehumet
Wu Jian
Xom
Yredelemnul
Zin
The Shining One

Shops:
D:9 (   D:12 (

Annotations:
Lair:1 Sonja


Innate Abilities, Weirdness & Mutations

You reflexively headbutt those who attack you in melee.
You have a pair of horns on your head.
[Scrolls take you longer to read.]
[You are very dopey. (Int -4)]
[You do not regenerate when monsters are visible.]


Message History

The thrashing horror roars!
You hear a roar! x2
You block the thrashing horror's attack. x2
The worldbinder hits you. The worldbinder misses you.
A thrashing horror comes into view.
The thrashing horror roars!
The vampire mosquito disappears in a puff of smoke!
You block the thrashing horror's attack. x2
The thrashing horror closely misses you.
You block the thrashing horror's attack.
The worldbinder calls forth creatures from the Swamp!
You block the thrashing horror's attack.
The thrashing horror closely misses you.
The worldbinder calls forth creatures from the Swamp!
The thrashing horror barely misses you.
The thrashing horror tramples you but does no damage.
The thrashing horror tramples you.
* * * LOW HITPOINT WARNING * * *
You stumble backwards!
The thrashing horror tramples you.
You die...

# ## .# .# ###
##. .. #..# ..
#. #..##.#. .#
###.#X##.##..#
#.X#{#.#@..#
##{##.X#.##
#2#{#.#..#
#k###.###..#
##{##### .#.#
#h## .# # .#
.. #.#{#...#
.## #p§....# #
# # ##.#{ ###{
.# # # #


You could see a thrashing horror.

Vanquished Creatures
  A deep elf demonologist (Abyss:2)
  A dire elephant (D:15)
  A minotaur (Gauntlet)
  A blizzard demon (Gauntlet)
  The ghost of Trismagistus the Grappler, a journeyman TrTm of Wu Jian (Lair:1)
  A great orb of eyes (Abyss:2)
  4 vault guards (D:13)
  Erica (Lair:1)
  A hydra (D:15)
  A death knight (D:13)
  4 two-headed ogres
  An ogre mage (D:13)
  2 tengu warriors (D:14)
  A wretched star (Abyss:2)
  An unseen horror (D:12)
  A phantasmal warrior (D:12)
  An iron dragon zombie (Abyss:2)
  A wolf spider (D:15)
  A wolf spider zombie (D:15)
  3 orc knights
  3 deep elf magi (D:14)
  8 ugly things
  The ghost of Everfinderer the Basher, a novice GrFi of Trog (D:7)
  A worldbinder (Gauntlet)
  4 cyclopes
  Maurice (D:11)
  A gargoyle (D:15)
  A smoke demon (Abyss:2)
  5 kobold demonologists
  A yaktaur (D:13)
  A redback zombie (D:14)
  An efreet (D:13)
  An ice devil (Gauntlet)
  2 freezing wraiths (D:14)
  A tengu conjurer (D:13)
  2 hornets
  3 trolls
  A blink frog (Lair:1)
  Prince Ribbit (D:6)
  14 slime creatures
  7 hippogriffs
  Sigmund (D:5)
  2 wyverns
  An air elemental (Abyss:2)
  15 yaks
  3 water elementals
  2 wraiths (D:14)
  2 hungry ghosts
  A human (D:13)
  Menkaure (D:5)
  Edmund (D:6)
  2 small abominations (Abyss:2)
  An acid dragon (D:13)
  Duvessa (D:6)
  2 soldier ants (D:14)
  9 orc warriors
  4 sky beasts
  3 phantoms
  9 ice beasts
  A necrophage (D:5)
  8 ogres
  5 boggarts (D:14)
  7 centaurs
  A crocodile (D:10)
  Blork the orc (D:6)
  10 big kobolds
  9 bullfrogs
  A gnoll sergeant (D:8)
  Dowan (D:6)
  3 wyvern skeletons
  4 scorpions
  3 killer bees (D:7)
  3 electric eels (D:13)
  7 wights
  A howler monkey (D:4)
  11 crimson imps
  A bullfrog zombie (D:10)
  6 centaur zombies
  6 orc priests
  17 orc wizards
  5 centaur skeletons
  6 jellies
  3 bullfrog skeletons
  6 hounds
  2 iguanas
  2 worker ants
  2 big kobold zombies (Ossuary)
  5 mummies (Ossuary)
  A howler monkey zombie (D:8)
  Robin (D:2)
  13 adders
  6 gnolls
  A white imp (Gauntlet)
  An adder zombie (D:6)
  An adder skeleton (D:7)
  2 worms
  3 dart slugs
  7 leopard geckos
  42 orcs
  7 bats
  4 giant cockroaches (D:2)
  13 goblins
  10 hobgoblins
  7 jackals
  4 quokkas
  A ball python (D:2)
  2 frilled lizards
  5 hobgoblin zombies (Ossuary)
  41 kobolds
  A quokka skeleton (D:4)
  3 rats
  A demonic plant (Gauntlet)
463 creatures vanquished.

Vanquished Creatures (others)
  An ice beast (D:13)
  A boggart (Gauntlet)
  3 starspawn tentacles (Abyss:2)
5 creatures vanquished.

Grand Total: 468 creatures vanquished

Notes
Turn   | Place    | Note
-------+----------+-------------------------------------------
     0 | D:1      | Hudan the Minotaur Fighter began the quest for the Orb.
     0 | D:1      | Reached XP level 1. HP: 19/19 MP: 0/0
   126 | D:1      | Reached XP level 2. HP: 27/27 MP: 1/1
   797 | D:2      | Reached XP level 3. HP: 33/33 MP: 2/2
   959 | D:2      | Noticed Robin
   967 | D:2      | Killed Robin
   987 | D:2      | Reached XP level 4. HP: 29/40 MP: 3/3
  1660 | D:3      | Reached skill level 1 in Dodging
  1859 | D:3      | Reached XP level 5. HP: 47/47 MP: 4/4
  1994 | D:3      | Reached skill level 1 in Maces & Flails
  2094 | D:3      | Noticed a phantom
  2147 | D:3      | Killed a phantom
  2147 | D:3      | Reached skill level 5 in Shields
  2511 | D:4      | Reached skill level 5 in Armour
  2511 | D:4      | Reached XP level 6. HP: 55/55 MP: 5/5
  2514 | D:4      | Reached skill level 5 in Fighting
  2524 | D:4      | Found a staircase to the Ecumenical Temple.
  2545 | Temple   | Entered the Ecumenical Temple
  2620 | Temple   | Became a worshipper of Warmaster Okawaru
  3204 | D:5      | Entered Level 5 of the Dungeon
  3335 | D:5      | Noticed Sigmund
  3343 | D:5      | Killed Sigmund
  3343 | D:5      | Reached * piety under Okawaru
  3343 | D:5      | Reached XP level 7. HP: 62/62 MP: 6/6
  3422 | D:5      | Found a sand-covered staircase.
  3430 | Ossuary  | Entered an ossuary
  3675 | D:5      | Noticed Menkaure
  3705 | D:6      | Noticed Prince Ribbit
  3713 | D:6      | Killed Prince Ribbit
  3713 | D:6      | Reached ** piety under Okawaru
  3713 | D:6      | Reached XP level 8. HP: 23/70 MP: 4/7
  3718 | D:6      | Noticed Duvessa
  3722 | D:6      | Noticed Dowan
  3727 | D:6      | Killed Duvessa
  3758 | D:5      | Reached skill level 5 in Maces & Flails
  4282 | D:5      | Killed Menkaure
  4309 | D:6      | Killed Dowan
  4352 | D:6      | Noticed Edmund
  4384 | D:6      | Killed Edmund
  4576 | D:6      | Noticed Blork the orc
  4584 | D:6      | Killed Blork the orc
  4584 | D:6      | Reached XP level 9. HP: 65/80 MP: 8/8
  5128 | D:7      | Found a runed translucent door.
  5130 | D:7      | Noticed Everfinderer's ghost (novice GrFi)
  5250 | D:7      | Reached *** piety under Okawaru
  5503 | D:7      | Found a stormy altar of Qazlal.
  6320 | D:8      | Found a glowing silver altar of Zin.
  6320 | D:8      | Found a white marble altar of Elyvilon.
  6324 | D:8      | Found a glowing golden altar of the Shining One.
  6418 | D:7      | Paralysed by a hornet for 1 turns
  6423 | D:7      | Paralysed by a hornet for 1 turns
  6740 | D:8      | Found a staircase to the Lair.
  6923 | D:8      | Found a hazy altar of Hepliaklqana.
  6923 | D:8      | Found an ancient bone altar of Kikubaaqudgha.
  6924 | D:8      | Found a sparkling altar of Nemelex Xobeh.
  7341 | D:9      | Reached **** piety under Okawaru
  7403 | D:9      | Found Liap's Antique Weapon Boutique.
  7433 | D:9      | Reached XP level 10. HP: 69/91 MP: 9/9
  7964 | D:10     | Entered Level 10 of the Dungeon
  8566 | D:10     | Reached skill level 10 in Armour
  8566 | D:10     | Reached skill level 10 in Shields
  8739 | D:10     | Reached skill level 10 in Fighting
  8989 | D:11     | Reached ***** piety under Okawaru
  9338 | D:11     | Found a shadowy altar of Dithmenos.
  9397 | D:11     | Noticed Maurice
  9770 | D:11     | Killed Maurice
  9801 | D:12     | Reached XP level 11. HP: 101/101 MP: 10/10
  9836 | D:12     | Noticed a two-headed ogre
  9845 | D:12     | Killed a two-headed ogre
  9850 | D:12     | Found a staircase to the Orcish Mines.
  9857 | D:12     | Got a scorched pewter ring
  9888 | D:12     | Noticed a two-headed ogre
  9895 | D:12     | Killed a two-headed ogre
  9895 | D:12     | Reached skill level 10 in Maces & Flails
  9895 | D:12     | Reached skill level 1 in Invocations
  9994 | D:12     | Received a gift from Okawaru
 10281 | D:12     | Got a smoking dire flail {god gift}
 10292 | D:12     | Identified the +3 dire flail of Duty {holy, *Drain MR+
                  | Dex+2} (Okawaru gifted it to you on level 12 of the
                  | Dungeon)
 10391 | D:12     | Killed an unseen horror
 10499 | D:12     | Identified the ring "Koshinin" {rPois rF+ Str+5} (You found
                  | it on level 12 of the Dungeon)
 10529 | D:12     | Found Iroetzeg's Weapon Emporium.
 10612 | D:12     | Noticed a brown ugly thing
 10623 | D:12     | Killed a brown ugly thing
 11123 | D:13     | Reached skill level 5 in Invocations
 11179 | D:13     | Noticed an orc knight
 11188 | D:14     | Reached ****** piety under Okawaru
 11271 | D:14     | Killed an orc knight
 11298 | D:14     | Noticed a deep elf mage
 11306 | D:14     | Killed a deep elf mage
 11306 | D:14     | Reached XP level 12. HP: 108/111 MP: 9/15
 11410 | D:14     | Received a gift from Okawaru
 11413 | D:14     | Got a dazzling large shield {god gift}
 11424 | D:14     | Identified the +0 large shield "Moag" {*Slow rPois MR++
                  | Str+3} (Okawaru gifted it to you on level 14 of the
                  | Dungeon)
 11543 | D:14     | Noticed a tengu warrior
 11557 | D:14     | Killed a tengu warrior
 11671 | D:14     | You fall through a shaft!
 11671 | D:15     | Entered Level 15 of the Dungeon
 11766 | D:14     | Noticed a two-headed ogre
 11783 | D:14     | Killed a two-headed ogre
 11852 | D:13     | Noticed a death knight
 11861 | D:13     | HP: 4/112 [wraith[a death knight] (3)]
 12479 | D:14     | Noticed a tengu warrior
 12493 | D:14     | Killed a tengu warrior
 13093 | D:14     | Noticed a two-headed ogre
 13261 | D:14     | Killed a two-headed ogre
 13261 | D:14     | Reached XP level 13. HP: 96/119 MP: 13/17
 13781 | D:15     | Received a gift from Okawaru
 13802 | D:15     | Found a staircase to the Depths.
 13802 | D:15     | Noticed a dire elephant
 13825 | D:15     | Received a gift from Okawaru
 13839 | D:15     | Killed a dire elephant
 13851 | D:15     | Got a shimmering shield {god gift}
 13859 | D:15     | Identified the +2 shield of Beauty {rC+ MR- Regen+ Dex+7}
                  | (Okawaru gifted it to you on level 15 of the Dungeon)
 14696 | D:13     | Found a gate to the Vaults.
 15524 | D:7      | Killed Everfinderer's ghost
 15594 | Lair:1   | Entered Level 1 of the Lair of Beasts
 15657 | Lair:1   | Found a gate leading to a gauntlet.
 15678 | Gauntlet | Entered a Gauntlet
 15678 | Gauntlet | Found a transporter.
 15678 | Gauntlet | Found a transporter.
 15678 | Gauntlet | Found a transporter.
 15679 | Gauntlet | Found a transporter.
 15681 | Gauntlet | Found a transporter.
 15683 | Gauntlet | Found a transporter.
 15689 | Gauntlet | Found a transporter.
 15691 | Gauntlet | Found a transporter.
 15693 | Gauntlet | Found a transporter.
 15694 | Gauntlet | Found a transporter.
 15712 | Gauntlet | Found a transporter.
 15717 | Gauntlet | Found a transporter.
 15718 | Gauntlet | Found the +2 pair of boots of the Assassin {Detection Stab+
                  | Stlth++}
 15719 | Gauntlet | Noticed a blizzard demon
 15973 | Gauntlet | Received a gift from Okawaru
 15976 | Gauntlet | Got a polished eveningstar {god gift}
 15977 | Gauntlet | Identified the +10 eveningstar of Exquisite Torment
                  | {freeze, Int+3} (Okawaru gifted it to you in a Gauntlet)
 16086 | Gauntlet | Killed a blizzard demon
 16182 | Gauntlet | Noticed a minotaur
 16192 | Gauntlet | Killed a minotaur
 16380 | Lair:1   | Found a large runed translucent door.
 16381 | Lair:1   | Found a large runed translucent door.
 16384 | Lair:1   | Noticed Trismagistus's ghost (journeyman TrTm)
 16396 | Lair:1   | Killed Trismagistus's ghost
 16396 | Lair:1   | Reached XP level 14. HP: 130/130 MP: 18/18
 16434 | Lair:1   | Noticed Erica
 16440 | Lair:1   | Killed Erica
 16457 | Lair:1   | Found a snail-covered altar of Cheibriados.
 16641 | Lair:1   | Noticed Sonja
 16667 | Lair:1   | Cast into level 2 of the Abyss (Sonja)
 16805 | Abyss:2  | Paralysed by a great orb of eyes for 6 turns
 16821 | Abyss:2  | Noticed a revenant
 16864 | Abyss:2  | Noticed a tentacled starspawn
 16906 | Abyss:2  | Noticed a starcursed mass
 16943 | Abyss:2  | HP: 5/132 [??? (3)]
 16951 | Abyss:2  | HP: 4/132 [??? (1)]
 16959 | Abyss:2  | HP: 1/132 [thrashing horror (1)]
 16960 | Abyss:2  | Slain by a thrashing horror

Skill      XL: |  1  2  3  4  5  6  7  8  9 10 11 12 13 14 |
---------------+-------------------------------------------+-----
Fighting       | 4 5 6 7 9 10 11 12 13 14 | 14.2
Shields        | 4 5 6 7 9 10 11 12 14 | 14.2
Armour         | 4 5 6 7 9 10 11 12 14 | 14.2
Axes           | 3 |  3.7
Dodging        | 1 |  1.0
Maces & Flails | 2 3 4 6 8 9 10 11 13 | 13.5
Invocations    | 5 7 |  7.7

Action                   |  1- 3 |  4- 6 |  7- 9 | 10-12 | 13-15 || total
-------------------------+-------+-------+-------+-------+-------++-------
Melee: War axe           |    66 |    42 |       |       |       ||   108
       Headbutt          |     8 |    32 |    47 |   120 |   119 ||   326
       Morningstar       |       |   186 |   114 |       |       ||   300
       Flail             |       |       |   209 |   739 |   289 ||  1237
       Eveningstar       |       |       |       |       |    86 ||    86
 Fire: Hand crossbow     |       |       |     1 |     3 |       ||     4
Invok: Heroism           |       |       |     2 |    12 |     6 ||    20
       Finesse           |       |       |       |     2 |     6 ||     8
  Use: Scroll            |       |     7 |     4 |    11 |     5 ||    27
       Potion            |       |       |     2 |     1 |     1 ||     4
  Eat: Chunk             |       |     8 |     9 |    15 |     5 ||    37
       Ration            |       |       |     4 |     1 |     2 ||     7
Armor: Scale mail        |    55 |    46 |       |       |       ||   101
       Storm dragon scal |       |   146 |   243 |   295 |   170 ||   854
Dodge: Dodged            |    36 |    78 |    84 |   144 |   109 ||   451
Block: Shield            |    44 |   160 |   199 |   366 |   285 ||  1054
